 Dungeon Crawl Stone Soup version 0.26.0-8-g74fc34ddfb (webtiles) character file.

Game seed: 15825735702514698966

8376 pokeman the Thaumaturge (level 11, -12/61 HPs)
             Began as a Deep Elf Hedge Wizard on Jan 12, 2021.
             Was a Priest of Vehumet.
             Engulfed by a cloud of flame (20 damage)
             ... on level 11 of the Dungeon.
             The game lasted 00:42:27 (14255 turns).

pokeman the Thaumaturge (Deep Elf Hedge Wizard)    Turns: 14255, Time: 00:42:28

Health: -12/61     AC:  6    Str: 10    XL:     11   Next: 9%
Magic:  14/31      EV: 13    Int: 23    God:    Vehumet [***...]
Gold:   709        SH:  0    Dex: 14    Spells: 26/38 levels left

rFire    . . .     SeeInvis .   S - +6 war axe "Fyveez" {drain, Will+ Str+3}
rCold    . . .     Faith    .   (no shield)
rNeg     + . .     Spirit   .   l - +0 leather armour
rPois    .         Reflect  .   c - +0 hat
rElec    .         Harm     .   (no cloak)
rCorr    .         Rampage  .   O - +1 pair of gloves
Will     ++...                  I - +0 pair of boots
Stlth    ++........             A - amulet of inaccuracy (curse)
HPRegen  0.20/turn              K - ring of wizardry
MPRegen  0.22/turn              t - ring of positive energy

@: lethally poisoned (-12 -> -25)
A: no striking features
a: Renounce Religion


You were on level 11 of the Dungeon.
You worshipped Vehumet.
Vehumet was most pleased with you.
You visited 2 branches of the dungeon, and saw 14 of its levels.
You also visited: Sewer.

You collected 709 gold pieces.

Inventory:

Hand Weapons
 a - a +0 dagger of electrocution
 F - a +0 hand crossbow
 L - a +0 vorpal shortbow
 R - a +6 spear of flaming
 S - the +6 war axe "Fyveez" (weapon) {drain, Will+ Str+3}
   (You found it on level 12 of the Dungeon)

   A truly terrible weapon, it drains the life of those it strikes.
   It affects your strength (+3).
   It affects your willpower, your defense against some magical effects.
Missiles
 d - 240 arrows
 o - 112 bolts
Armour
 c - a +0 hat (worn)
 l - a +0 leather armour (worn)
 I - a +0 pair of boots (worn)
 O - a +1 pair of gloves (worn)
 Q - a +0 kite shield
Jewellery
 s - an uncursed ring of flight
 t - a ring of positive energy (right hand)
 A - a cursed amulet of inaccuracy (around neck)
 B - an uncursed ring of protection from cold
 K - a ring of wizardry (left hand)
Wands
 u - a wand of iceblast (33)
 w - a wand of acid (8)
 y - a wand of digging (7)
 G - a wand of paralysis (16)
 J - a wand of enslavement (13)
 M - a wand of polymorph (4)
 T - a wand of random effects (15)
Scrolls
 b - 2 scrolls of teleportation {unknown}
 e - a scroll of enchant weapon {unknown}
 f - 7 scrolls of identify {unknown}
 m - 5 scrolls of remove curse {unknown}
 p - 4 scrolls of magic mapping {unknown}
 z - 2 scrolls of noise {unknown}
 C - 3 scrolls of immolation {unknown}
 H - a scroll of enchant armour {unknown}
 N - a scroll of holy word {unknown}
 P - a scroll of fear {unknown}
Potions
 g - 3 potions of heal wounds {unknown}
 h - a potion of resistance {unknown}
 i - a potion of degeneration {unknown}
 j - 5 potions of curing
 k - a potion of mutation {unknown}
 n - 5 potions of brilliance {unknown}
 q - a potion of magic {unknown}
 r - 2 potions of might {unknown}
 v - a potion of haste {unknown}
 x - 2 potions of cancellation {unknown}
 D - 3 potions of invisibility {unknown}
 E - a potion of attraction {unknown}


   Skills:
 - Level 4.0 Fighting
 + Level 4.3 Armour
 - Level 3.1 Dodging
 - Level 3.0 Stealth
 * Level 14.2 Spellcasting
 + Level 8.5 Conjurations
 - Level 1.1 Summonings
 - Level 1.1 Translocations
 + Level 7.8 Fire Magic
 - Level 1.0 Air Magic
 - Level 1.1 Poison Magic
 - Level 1.1 Evocations


You had 26 spell levels left.
You knew the following spells:

 Your Spells              Type           Power        Failure   Level
a - Magic Dart            Conj           100%         1%          1
b - Mephitic Cloud        Conj/Pois/Air  32%          1%          3
c - Call Imp              Summ           21%          1%          2
d - Blink                 Tloc           N/A          1%          2
e - Conjure Flame         Conj/Fire      52%          1%          3
f - Foxfire               Conj/Fire      100%         1%          1

Your spell library contained the following spells:

 Spells                   Type           Power        Failure   Level
 Sticky Flame             Conj/Fire      52%          1%          4
 Animate Skeleton         Necr           32%          1%          1
 Pain                     Necr           64%          1%          1
 Sting                    Tmut/Pois      76%          1%          1
 Poisonous Vapours        Pois/Air       42%          1%          2
 Ignite Poison            Fire/Tmut/Pois 30%          1%          3
 Slow                     Hex            16%          3%          2
 Olgreb's Toxic Radiance  Pois           21%          3%          4
 Vampiric Draining        Necr           8%           6%          3
 Animate Dead             Necr           8%           19%         4
 Agony                    Necr           16%          45%         5


Dungeon Overview and Level Annotations

Branches:
Dungeon (13/15)            Temple (1/1) D:5            Lair (0/6) D:8
    Orc (0/2) D:9           Sewer (visited)
 Vaults: D:13-14

Altars:
Cheibriados
Dithmenos
Elyvilon
Fedhas
Gozag
Hepliaklqana
Makhleb
Nemelex Xobeh
Qazlal
Ru
Sif Muna
Vehumet
Xom
Yredelemnul
Zin
The Shining One

Shops:
D:6 =   D:9 (


Message History

The ogre laughs at nothing.
The ogre barely misses your foxfire.
Unknown command.
Casting: Foxfire (safe; 1% risk of failure)
Confirm with . or Enter, or press ? or * to list all spells.
You blink.
* * * LOW HITPOINT WARNING * * *
You feel sick.
The foxfire hits the centaur warrior zombie.
The centaur warrior zombie is heavily damaged.
The foxfire hits the centaur.
The centaur is heavily wounded.
The centaur wields a +0 shortbow.
The centaur shoots an arrow.
The arrow closely misses you.
The centaur warrior zombie is engulfed in blazing flames.
Unknown command.
Casting: Blink (safe; 1% risk of failure)
Confirm with . or Enter, or press ? or * to list all spells.
You blink.
You are engulfed in blazing flames.
You die...

................#
.......†.....(..#
.......†.....#..#. ..
...................
#.
........c(.........
..#.......#..........
.#.....###..§.......
.........#OZ...#....
#........@cy.## . .
####........§..##
##....>.......§##
...............##
.##...........###
#..............##
#................#
..#.........#...## .
##......#.##.##


You could see an ogre (confused), 2 centaurs, a killer bee and a centaur warrior
zombie.

Vanquished Creatures
  A two-headed ogre (D:8)
  Pikel (D:6)
  A manticore (D:12)
  An ugly thing (D:9)
  A troll (D:9)
  A wyvern (D:8)
  A yak (D:8)
  4 water moccasins
  5 orc warriors
  A black bear (D:9)
  A necrophage (D:8)
  A sky beast (D:9)
  9 centaurs
  14 ogres
  3 lemures (D:6)
  5 big kobolds
  8 bullfrogs
  2 gnoll sergeants (D:9)
  A scorpion (D:8)
  20 killer bees
  6 wights
  A howler monkey (D:6)
  A quasit (D:7)
  A bullfrog zombie (D:8)
  2 hounds
  2 jellies
  5 orc priests
  A bullfrog skeleton (D:6)
  7 orc wizards
  A centaur skeleton (D:7)
  5 iguanas
  6 worker ants
  A killer bee zombie (D:6)
  A hound skeleton (D:6)
  A howler monkey zombie (D:8)
  8 gnolls
  2 howler monkey skeletons
  12 adders
  2 shadow imps
  2 white imps (D:8)
  2 ufetubi (D:8)
  3 oozes
  2 adder zombies
  7 worms
  3 dart slugs
  3 leopard geckos
  31 orcs
  5 bats
  9 giant cockroaches
  6 goblins
  6 hobgoblins
  9 jackals
  A quokka (D:3)
  7 ball pythons
  4 ball python skeletons
  7 frilled lizards
  10 kobolds
  A leopard gecko skeleton (D:8)
  7 rats
271 creatures vanquished.

Vanquished Creatures (collateral kills)
  A lemure (D:5)
  An orc (D:9)
  A jackal (D:5)
3 creatures vanquished.

Vanquished Creatures (others)
  357 foxfires
  38 fungi (D:8)
  68 plants (D:8)
463 creatures vanquished.

Grand Total: 737 creatures vanquished

Notes
Turn   | Place    | Note
-------+----------+-------------------------------------------
     0 | D:1      | pokeman the Deep Elf Hedge Wizard began the quest for the
                  | Orb.
     0 | D:1      | Reached XP level 1. HP: 10/10 MP: 7/7
   307 | D:1      | Reached XP level 2. HP: 16/16 MP: 4/9
   655 | D:1      | Reached skill level 5 in Spellcasting
   935 | D:1      | Reached XP level 3. HP: 20/20 MP: 8/11
   939 | D:1      | Learned a level 3 spell: Mephitic Cloud
   947 | D:1      | Learned a level 2 spell: Call Imp
   950 | D:1      | Learned a level 2 spell: Blink
   954 | D:1      | Learned a level 3 spell: Conjure Flame
  1478 | D:2      | Reached skill level 1 in Armour
  1884 | D:3      | Reached skill level 1 in Fighting
  1987 | D:3      | Reached XP level 4. HP: 25/25 MP: 7/13
  2087 | D:3      | Found a glowing drain.
  2098 | Sewer    | Entered a sewer
  2485 | Sewer    | Noticed a big kobold
  2504 | Sewer    | Killed a big kobold
  2505 | Sewer    | Reached skill level 6 in Spellcasting
  2505 | Sewer    | Reached skill level 1 in Fire Magic
  2505 | Sewer    | Reached XP level 5. HP: 16/29 MP: 8/15
  3263 | D:3      | Reached skill level 1 in Air Magic
  3263 | D:3      | Reached XP level 6. HP: 34/34 MP: 12/17
  3481 | D:3      | Found a snail-covered altar of Cheibriados.
  4141 | D:4      | Reached skill level 7 in Spellcasting
  4261 | D:4      | Found a hazy altar of Hepliaklqana.
  4329 | D:4      | Reached skill level 1 in Poison Magic
  4329 | D:4      | Reached skill level 1 in Evocations
  4884 | D:4      | Found a glowing silver altar of Zin.
  4884 | D:4      | Found a glowing golden altar of the Shining One.
  4885 | D:4      | Found a white marble altar of Elyvilon.
  5048 | D:4      | Found a sacrificial altar of Ru.
  5106 | D:5      | Entered Level 5 of the Dungeon
  5120 | D:5      | Found a staircase to the Ecumenical Temple.
  5136 | Temple   | Entered the Ecumenical Temple
  5189 | Temple   | Became a worshipper of Vehumet
  5436 | D:5      | Reached XP level 7. HP: 38/38 MP: 15/20
  5961 | D:5      | Reached skill level 8 in Spellcasting
  6423 | D:6      | Noticed Pikel
  6913 | D:6      | Reached * piety under Vehumet
  6913 | D:6      | Offered knowledge of Foxfire by Vehumet.
  6918 | D:5      | Learned a level 1 spell: Foxfire
  6925 | D:6      | Reached XP level 8. HP: 44/44 MP: 16/22
  6937 | D:6      | Reached skill level 9 in Spellcasting
  7076 | D:6      | Found a sparkling altar of Nemelex Xobeh.
  7150 | D:6      | Reached skill level 5 in Conjurations
  7496 | D:6      | Killed Pikel
  7497 | D:6      | Reached skill level 10 in Spellcasting
  7522 | D:6      | Reached XP level 9. HP: 48/48 MP: 6/25
  7651 | D:6      | Found Veck's Jewellery Shoppe.
  8241 | D:7      | Reached skill level 5 in Fire Magic
  8370 | D:7      | Reached skill level 11 in Spellcasting
  9366 | D:7      | Found a shimmering blue altar of Sif Muna.
  9387 | D:7      | Identified Sif Muna's Volume of the Arsonist
  9956 | D:8      | Reached ** piety under Vehumet
 10040 | D:7      | HP: 2/49 [poisoned by a water moccasin]
 10048 | D:7      | HP: 2/49 [poisoned by a water moccasin]
 10365 | D:8      | Offered knowledge of Searing Ray by Vehumet.
 10371 | D:8      | Reached skill level 12 in Spellcasting
 10557 | D:8      | Found a staircase to the Lair.
 10629 | D:8      | Reached XP level 10. HP: 29/56 MP: 22/28
 10873 | D:8      | Noticed a two-headed ogre
 10974 | D:8      | Killed a two-headed ogre
 11080 | D:8      | Offered knowledge of Static Discharge by Vehumet.
 11358 | D:8      | Found a stormy altar of Qazlal.
 11482 | D:8      | Reached skill level 13 in Spellcasting
 12680 | D:9      | Noticed a cyan ugly thing
 12693 | D:9      | Found Koic's Antique Weapon Shop.
 12715 | D:9      | Killed a cyan ugly thing
 12848 | D:9      | Reached *** piety under Vehumet
 13100 | D:9      | Found a staircase to the Orcish Mines.
 13140 | D:9      | Offered knowledge of Sticky Flame by Vehumet.
 13187 | D:9      | Reached skill level 14 in Spellcasting
 13637 | D:10     | Entered Level 10 of the Dungeon
 13677 | D:10     | Noticed a gargoyle
 13749 | D:10     | You fall into a shaft and drop 3 floors!
 13755 | D:13     | Noticed a gargoyle
 13919 | D:12     | Noticed a manticore
 13934 | D:12     | Killed a manticore
 13935 | D:12     | Reached XP level 11. HP: 30/61 MP: 22/31
 14109 | D:12     | Got a bloodstained war axe
 14110 | D:12     | Identified the +6 war axe "Fyveez" {drain, Will+ Str+3}
                  | (You found it on level 12 of the Dungeon)
 14255 | D:11     | Engulfed by a cloud of flame

Illustrated notes

Levels and vault maps discovered:
D:1:      minmay_arrival_four_circles, layout_loops_ring
D:2:      layout_rooms
D:3:      layout_basic, cheibriados_altar_1, portal_sewer_entry_a
D:4:      layout_loops_ring, good_gods_mini_temple, nicolae_ru_path_of_blood,
          general_overflow_altar, minmay_strange_pillars
D:5:      layout_basic, minmay_temple_entry_offerings
D:6:      minmay_chambers_of_sixes, layout_cave_pools, serial_shops, shop,
          nemelex_dance_club_becter, uniq_pikel
D:7:      layout_basic, led_sif_book, minmay_liquid_box, grunt_ogre_cave
D:8:      layout_loops_cross, nicolae_qazlal_general_emergency,
          due_lair_maze_entry_diamond, centaur_isle
D:9:      layout_irregular_city, kennysheep_orc_monster_closet_entryway,
          serial_shops, shop, dk_noncrumbling_3
D:10:     layout_cave_pools, serial_shops, shop, serial_gnoll_camp,
          gnoll_camp_mini_hut, gnoll_camp_mini_hut, gnoll_camp_mini_hut,
          gnoll_camp_mini_loothouse, uniq_fannar
D:11:     layout_cave_pools
D:12:     hourglass_vault, layout_basic
D:13:     layout_irregular_city, skrybe_vaults_entry_preservation,
          fedhas_altar_4, uniq_sonja
Temple:   dpeg_chambers_temple

Skill      XL: |  1  2  3  4  5  6  7  8  9 10 |
---------------+-------------------------------+-----
Spellcasting   | 5 6 7 8 10 12 14 | 14.2
Armour         | 1 3 4 |  4.3
Conjurations   | 2 3 4 5 7 8 |  8.5
Fighting       | 1 2 3 4 |  4.0
Dodging        | 3 |  3.1
Fire Magic     | 1 3 4 6 7 |  7.8
Stealth        | 3 |  3.0
Air Magic      | 1 |  1.0
Poison Magic   | 1 |  1.1
Evocations     | 1 |  1.1
Summonings     | |  1.1
Translocations | |  1.1

Action                   |  1- 3 |  4- 6 |  7- 9 | 10-12 || total
-------------------------+-------+-------+-------+-------++-------
Melee: Dagger            |    26 |    41 |    87 |    35 ||   189
       War axe           |       |       |       |     7 ||     7
 Fire: Shortbow          |       |       |    41 |       ||    41
 Cast: Magic Dart        |   107 |   134 |    96 |     5 ||   342
       Mephitic Cloud    |     1 |     9 |    30 |    25 ||    65
       Conjure Flame     |       |     4 |    19 |    13 ||    36
       Blink             |       |     2 |     6 |    15 ||    23
       Call Imp          |       |     1 |     7 |     5 ||    13
       Foxfire           |       |       |    85 |   116 ||   201
Evoke: Wand              |       |     1 |     2 |       ||     3
  Use: Potion            |       |       |     1 |       ||     1
 Stab: Sleeping          |     2 |     1 |       |     1 ||     4
       Confused          |     1 |     6 |     8 |     9 ||    24
Armor: Robe              |     8 |       |       |       ||     8
       Leather armour    |     2 |     7 |    24 |    13 ||    46
Dodge: Dodged            |    32 |    23 |    88 |    42 ||   185
